 Dungeon Crawl Stone Soup version 0.31-a0-691-g409c26aa35 (webtiles) character file.

Game seed: 4475323139910185406

30 qw the Shooter (level 3, -1/21 HPs)
             Began as a Gargoyle Hunter on Sept 6, 2023.
             Slain by a goblin
             ... wielding a +0 dagger
             ... led by Robin
              (4 damage)
             ... on level 2 of the Dungeon.
             The game lasted 00:00:13 (709 turns).

qw the Shooter (Gargoyle Hunter)                     Turns: 709, Time: 00:00:13

Health: -1/21      AC:  8    Str: 14    XL:     3   Next: 18%
Magic:  3/3        EV: 11    Int:  9    God:
Gold:   64         SH:  0    Dex: 15    Spells: 2/2 levels left

rFire   . . .        Y - +0 shortbow
rCold   . . .        (shield currently unavailable)
rNeg    + . .        h - +0 ring mail
rPois   inf          (no helmet)
rElec   +            (no cloak)
rCorr   .            (no gloves)
SInv    .            (no boots)
Will    .....        (no amulet)
Stlth   +            (no ring)
HPRegen 0.23/turn    (no ring)
MPRegen 0.08/turn

%: no passive effects
@: no status effects
A: sickness immunity, AC +3, negative energy resistance 1, electricity
resistance, torment resistance 1, petrification resistance
a: no special abilities


You were on level 2 of the Dungeon.
You visited 1 branch of the dungeon, and saw 2 of its levels.

You collected 64 gold pieces.


Innate Abilities, Weirdness & Mutations

You are immune to sickness and miasma.
Your stone body is resilient. (AC +3)
You are immune to poison.
You resist negative energy. (rN+)
You are resistant to electric shocks. (rElec)
You are resistant to unholy torment.
You are immune to petrification.


   Skills:
 - Level 2.1 Fighting
 + Level 4.7 Ranged Weapons
 - Level 1.3 Armour
 - Level 1.5 Dodging
 - Level 1.1 Stealth


You had 2 spell levels left.
You didn't know any spells.
Your spell library was empty.

Inventory:

Hand Weapons
 Y - a +0 shortbow (weapon)
Armour
 a - the +1 leather armour of the Beginning {Fly Str+2}
   (You found it on level 2 of the Dungeon)

   Str+2:     It affects your strength (+2).
   Fly:       It grants you flight.
 h - a +0 ring mail (worn)
Scrolls
 b - a scroll of fog {unknown}
 c - a scroll of identify {unknown}
Potions
 e - a potion of invisibility {unknown}
 f - a potion of brilliance {unknown}
 i - a potion of might {unknown}

Dungeon Overview and Level Annotations

Branches:
Dungeon (2/15)

Altars:

Annotations:
D:2 Robin


Message History

The arrow hits the goblin!
You kill the goblin!
You hear a shout!
A ball python comes into view.
The goblin hits you but does no damage. Robin throws the goblin at you!
The hobgoblin hits you but does no damage.
You shoot an arrow.
The arrow hits the goblin but does no damage.
The goblin misses you. The hobgoblin misses you.
The goblin hits you but does no damage.
A goblin comes into view. It is wielding a +0 dagger.
The goblin hits you but does no damage. The goblin hits you with a +0 dagger.
Robin throws the goblin at you!
The hobgoblin hits you but does no damage.
You shoot an arrow. The arrow closely misses the goblin.
The goblin barely misses you. The hobgoblin misses you.
The goblin completely misses you.
The hobgoblin hits you but does no damage.
The goblin hits you but does no damage.
You shoot an arrow. The arrow hits the goblin.
The goblin is severely wounded.
The goblin hits you with a +0 dagger. The hobgoblin closely misses you.
The goblin hits you but does no damage.
Robin's bangles clink loudly.
The hobgoblin closely misses you. The goblin barely misses you.
You shoot an arrow. The arrow closely misses the goblin.
The goblin closely misses you.
A goblin comes into view. It is wielding a +0 club.
The hobgoblin hits you. The goblin hits you with a +0 dagger.
The hobgoblin hits you but does no damage.
The goblin hits you but does no damage.
You shoot an arrow. The arrow barely misses the goblin.
The goblin shouts!
The hobgoblin no longer looks unusually strong.
The goblin barely misses you. The hobgoblin barely misses you.
The hobgoblin hits you. The goblin hits you with a +0 dagger.
The goblin barely misses you.
A goblin comes into view. It is wielding a +0 club.
The goblin closely misses you. The goblin hits you with a +0 dagger.
You die...

#....g. #.....
#####)...g
........).
#.........g#
#.......gSg# ##
#........gg# .####
#.......gg@# ....#
#........gg# ....#
#..........# ....#
#..........# ....#
#..........#
....###..........#
.................#
....###..........#
##### #.<........#


You could see Robin, 4 hobgoblins, 6 goblins and a ball python.

Vanquished Creatures
  An adder (D:2)
  A dart slug (D:2)
  An endoplasm (D:1)
  2 giant cockroaches
  5 goblins (D:2)
  2 kobolds (D:1)
  A quokka (D:1)
  A bat (D:1)
  2 rats (D:1)
16 creatures vanquished.

Notes
Turn   | Place    | Note
-------+----------+-------------------------------------------
     0 | D:1      | qw the Gargoyle Hunter began the quest for the Orb.
     0 | D:1      | Reached XP level 1. HP: 12/12 MP: 1/1
     0 | D:1      | 0 ||| qw: Version: 0.3-a-76-g4403597
     0 | D:1      | 0 ||| qw: Game counter: 219
     0 | D:1      | 0 ||| qw: Melee chars always use a shield: true
     0 | D:1      | 0 ||| qw: God list: Okawaru
     0 | D:1      | 0 ||| qw: Allow faded altars: false
     0 | D:1      | 0 ||| qw: Do Orc after clearing Dungeon:15 true
     0 | D:1      | 0 ||| qw: Do second Lair branch before Depths: true
     0 | D:1      | 0 ||| qw: Lair rune preference: random
     0 | D:1      | 0 ||| qw: Goals: Normal
     0 | D:1      | 0 ||| PLANNING D:1-11
   112 | D:1      | Noticed an eye of devastation
   114 | D:1      | Found a faded altar of an unknown god.
   116 | D:1      | Noticed an eye of devastation
   318 | D:1      | Reached XP level 2. HP: 17/17 MP: 2/2
   352 | D:1      | Noticed a golden eye
   356 | D:1      | Noticed a shining eye
   525 | D:1      | 525 ||| UPGRADING to +0 ring mail.
   535 | D:1      | 535 ||| DROPPING +0 leather armour.
   536 | D:1      | 536 ||| READING scroll labelled INIBOL YNKUT.
   637 | D:1      | 637 ||| READING scroll labelled ETIL TOCZI.
   642 | D:1      | 642 ||| READING scroll labelled NOLEAQ TEAGOFO.
   643 | D:1      | 643 ||| DROPPING scroll of butterflies.
   650 | D:2      | Reached skill level 1 in Armour
   664 | D:2      | Identified the +1 leather armour of the Beginning {Fly
                  | Str+2}
   692 | D:2      | Reached XP level 3. HP: 21/21 MP: 3/3
   698 | D:2      | Noticed Robin
   709 | D:2      | HP: 4/21 [hobgoblin[Robin] (3)]
   709 | D:2      | Slain by a goblin

Levels and vault maps discovered:
D:1:      minmay_arrival_open_corners, layout_loops_cross,
          hellmonk_ecumenical_altar_watching_god
D:2:      layout_basic, uniq_crazy_yiuf_cottage, uniq_robin

Skill      XL: |  1  2 |
---------------+-------+-----
Armour         | 1 |  1.3
Fighting       | |  2.1
Ranged Weapons | |  4.7
Dodging        | |  1.5
Stealth        | |  1.1

Action                     || total
---------------------------++-------
   Fire: Shortbow          ||    44
    Use: Scroll            ||     3
 Armour: Leather armour    ||     2
         Ring mail         ||    22
  Dodge: Dodged            ||    22

Table legend:
 A = Non-vault XP
 B = Vault XP
 C = Vault XP percentage of total XP
 D = Non-vault monster count
 E = Vault monster count
 F = Vault count percentage of total count
                 A         B        C        D         E       F
            +---------+---------+-------+---------+---------+-------
      Total |      35 |       8 |  18.6 |      12 |       4 |  25.0
            +---------+---------+-------+---------+---------+-------
        D:1 |      13 |       0 |   0.0 |       8 |       0 |   0.0
        D:2 |      22 |       8 |  26.7 |       4 |       4 |  50.0
            +---------+---------+-------+---------+---------+-------
